 Dungeon Crawl Stone Soup version 0.18.1-48-g4cf74bf (webtiles) character file.

1213 Galewin the Cleaver (level 8, -8/66 HPs)
             Began as a Minotaur Berserker on Aug 30, 2016.
             Was an Elder of Trog.
             Killed by divine providence
             ... invoked by an orc priest
              (14 damage)
             ... on level 5 of the Dungeon.
             The game lasted 00:09:08 (3252 turns).

Galewin the Cleaver (Minotaur Berserker)            Turns: 3252, Time: 00:09:09

Health: -8/66      AC:  7    Str: 25    XL:     8   Next: 22%
Magic:  7/7        EV: 12    Int:  4    God:    Trog [****..]
Gold:   244        SH:  0    Dex:  9    Spells: 0 memorised, 7 levels left

rFire  . . .     SeeInvis .     p - +0 war axe
rCold  . . .     Gourm    .     q - +0 scale mail
rNeg   . . .     Faith    .     (no shield)
rPois  .         Spirit   .     (helmet restricted)
rElec  .         Dismiss  .     (no cloak)
rCorr  .         Reflect  .     (no gloves)
SustAt +         Harm     .     (no boots)
MR     ++...                    (no amulet)
Stlth  ..........               (no ring)
                                j - ring of sustain attributes

@: regenerating, very resistant to hostile enchantments, extremely unstealthy
A: retaliatory headbutt, horns 2
a: Berserk, Trog's Hand, Brothers in Arms, Burn Spellbooks, Renounce Religion


You were on level 5 of the Dungeon.
You worshipped Trog.
Trog was greatly pleased with you.
You were very hungry.

You visited 1 branch of the dungeon, and saw 5 of its levels.

You collected 244 gold pieces.

Inventory:

Hand Weapons
 p - a +0 war axe (weapon)
Armour
 q - a +0 scale mail (worn)
Jewellery
 j - a ring of sustain attributes (left hand)
 s - an uncursed amulet of regeneration {unknown}
Scrolls
 b - a scroll of amnesia {unknown}
 d - 2 scrolls of identify
 g - a scroll of recharging {unknown}
 i - a scroll of fear {unknown}
 k - a scroll of teleportation {unknown}
 m - a scroll of fog {unknown}
 n - 2 scrolls of blinking {unknown}
Potions
 e - 3 potions of curing {unknown}
 f - 3 potions of lignification {unknown}
 l - a potion of invisibility {unknown}
 o - a potion of might {unknown}
 r - a potion of magic {unknown}
Comestibles
 a - a beef jerky
 c - 7 bread rations


   Skills:
 - Level 3.7 Fighting
 * Level 10.0 Axes
 + Level 5.4 Armour
 + Level 5.1 Dodging


You had 7 spell levels left.
You didn't know any spells.

Dungeon Overview and Level Annotations

Branches:
Dungeon (5/15)
 Temple: D:4-7

Altars:
Pakellas


Innate Abilities, Weirdness & Mutations

You reflexively headbutt those who attack you in melee.
You have a pair of horns on your head.


Message History

The orc is severely wounded.
You barely miss the orc.
The orc is severely wounded.
The orc barely misses you.
The orc priest invokes the aid of Beogh against you.
Beogh smites you!
* * * LOW HITPOINT WARNING * * *
You hit the orc.
You kill the orc!
Trog accepts your kill.
You hit the quokka. Your headbutt misses the quokka.
The quokka is almost dead.
The quokka misses you. You furiously retaliate!
You headbutt the quokka, but do no damage.
You hit the quokka.
You kill the quokka!
Trog accepts your kill.
The orc priest invokes the aid of Beogh against you.
Beogh smites you!
You die...

#####...# ### .......
#.......########.. .o.....
#.......'..#...#.# o..o...
#.......##.#...#.# .......
#.......##.#...#.# .......
#.......##.....#.# .......
#.......####...#.####..<..#
#.......# #...#o....$....#
#.......# #..@)o......<.##
#.......# #...#.........#
#####.........# #.........#
#.........# #.........#
#.........# %......


You could see an orc priest and an orc.

Vanquished Creatures
  Edmund (D:4)
  A phantom (D:4)
  A centaur (D:5)
  A howler monkey (D:3)
  3 killer bees (D:5)
  4 orc priests
  2 centaur skeletons (D:4)
  A giant frog skeleton (D:5)
  4 orc wizards (D:4)
  Jessica (D:2)
  An iguana (D:4)
  Ijyb (D:3)
  6 worker ants
  Robin (D:2)
  6 adders
  A shadow imp (D:5)
  An ooze (D:4)
  3 worms
  2 dart slugs
  6 giant geckos
  21 orcs
  4 giant cockroaches
  20 goblins
  5 hobgoblins
  10 jackals
  5 kobolds
  3 quokkas
  2 ball pythons
  5 bats
  3 giant newts
  2 quokka zombies (D:5)
  9 rats
136 creatures vanquished.

Notes
Turn   | Place    | Note
--------------------------------------------------------------
     0 | D:1      | Galewin the Minotaur Berserker began the quest for the Orb.
     0 | D:1      | Reached XP level 1. HP: 19/19 MP: 0/0
    55 | D:1      | Reached skill level 4 in Axes
    56 | D:1      | Reached XP level 2. HP: 16/27 MP: 1/1
   253 | D:1      | Reached ** piety under Trog
   615 | D:2      | Reached XP level 3. HP: 33/33 MP: 2/2
   616 | D:2      | Noticed Robin
   617 | D:2      | Reached skill level 5 in Axes
   623 | D:2      | Killed Robin
   624 | D:2      | Found an oddly glowing altar of Pakellas.
   880 | D:2      | Noticed Jessica
   885 | D:2      | Reached XP level 4. HP: 39/40 MP: 3/3
   891 | D:2      | Killed Jessica
   891 | D:2      | Reached skill level 6 in Axes
  1147 | D:3      | Reached *** piety under Trog
  1148 | D:3      | Reached skill level 7 in Axes
  1148 | D:3      | Reached XP level 5. HP: 15/46 MP: 4/4
  1590 | D:3      | Noticed Ijyb
  1599 | D:3      | Killed Ijyb
  2023 | D:4      | Reached XP level 6. HP: 51/52 MP: 5/5
  2034 | D:4      | Reached skill level 8 in Axes
  2089 | D:4      | Reached **** piety under Trog
  2263 | D:4      | Noticed Edmund
  2274 | D:4      | Killed Edmund
  2274 | D:4      | Reached XP level 7. HP: 58/58 MP: 6/6
  2463 | D:4      | Reached skill level 9 in Axes
  2828 | D:5      | Entered Level 5 of the Dungeon
  3141 | D:5      | Reached skill level 5 in Armour
  3141 | D:5      | Reached XP level 8. HP: 50/66 MP: 7/7
  3182 | D:5      | Reached skill level 5 in Dodging
  3190 | D:5      | Reached skill level 10 in Axes
  3249 | D:5      | HP: 3/66 [orc priest/divine providence (8)]
  3252 | D:5      | Killed from afar by an orc priest

Skill      XL: |  1  2  3  4  5  6  7  8 |
---------------+-------------------------+-----
Axes           | 4 5 7 8 9 10 | 10.0
Armour         | 3 5 |  5.4
Dodging        | 3 4 5 |  5.1
Fighting       | |  3.7

Action                   |  1- 3 |  4- 6 |  7- 9 || total
-------------------------+-------+-------+-------++-------
Melee: Hand axe          |    69 |    55 |       ||   124
       Headbutt          |     4 |    23 |    17 ||    44
       War axe           |       |    69 |   107 ||   176
Invok: Berserk           |     2 |     2 |     2 ||     6
       Burn Spellbooks   |       |     1 |       ||     1
       Trog's Hand       |       |       |     1 ||     1
  Use: Scroll            |       |     2 |       ||     2
 Stab: Sleeping          |     2 |       |       ||     2
  Eat: Chunk             |     1 |     7 |     3 ||    11
       Royal jelly       |       |       |     1 ||     1
Armor: Animal skin       |    12 |       |       ||    12
       Ring mail         |     7 |    18 |       ||    25
       Scale mail        |       |    19 |    29 ||    48
Dodge: Dodged            |    46 |    65 |    52 ||   163
